TOP OF THE 1ST |
Philadelphia Phillies batting - Pitching for Cincinnati Reds : RHP Gary Nolan
|
Pitching: RHP Gary Nolan
|
|
Batting: RHB Andy Ramirez
|
0-0: Ball 1-0: Swinging Strike 1-1: Ball 2-1: Ball 3-1: Ground out 6-3 (Groundball, 6S, EV 91.3 MPH)
|
Batting: LHB Lou Whitaker
|
0-0: Foul Ball, location: 2F 0-1: DOUBLE (Flyball, 78XD, EV 98.8 MPH)
|
Batting: RHB Paul Molitor
|
0-0: Ball 1-0: Called Strike 1-1: Ball 2-1: Ground out 5-3 (Groundball, 56S, EV 92.5 MPH)
|
Batting: LHB Ken Phelps
|
0-0: Reached on error, E4 (Groundball, 4D, EV 109.4 MPH) Lou Whitaker to third
|
Batting: RHB Candy Maldonado
|
0-0: Ball 1-0: Swinging Strike 1-1: Foul Ball, location: 2F 1-2: Ball 2-2: Ball 3-2: Foul Ball, location: 2F 3-2: DOUBLE (Line Drive, 9LS, EV 105.6 MPH) Lou Whitaker scores Ken Phelps to third Ken Phelps scores
|
Batting: LHB Cecil Cooper
|
0-0: Ball 1-0: Ball 2-0: SINGLE (Groundball, 6MD, EV 100.0 MPH) Candy Maldonado to third Runner from 3rd tries for Home, SAFE, throw by CF to home Cecil Cooper to second
|
Batting: RHB Andre Dawson
|
0-0: Swinging Strike 0-1: Swinging Strike 0-2: Strikes out swinging
|
Top of the 1st over - 3 runs, 3 hits, 1 error, 1 left on base; Philadelphia 3 - Cincinnati 0 |
BOTTOM OF THE 1ST |
Cincinnati Reds batting - Pitching for Philadelphia Phillies : RHP Al Dopfel
|
Pitching: RHP Al Dopfel
|
|
Batting: RHB Gary Matthews
|
0-0: Ball 1-0: Ground out 5-3 (Groundball, 56S, EV 78.8 MPH)
|
Batting: RHB Bill Melton
|
0-0: Ball 1-0: Ball 2-0: Ball 3-0: Called Strike 3-1: Ground out 6-3 (Groundball, 6M, EV 89.4 MPH)
|
Batting: LHB Mike Easler
|
0-0: Ball 1-0: Ball 2-0: Ball 3-0: Base on Balls
|
Batting: LHB Darrell Evans
|
0-0: Ball 1-0: Ball 2-0: Ball 3-0: Base on Balls Mike Easler to second
|
Batting: LHB Joseph Talley
|
0-0: Called Strike 0-1: Foul Ball, location: 2F 0-2: Strikes out swinging
|
Bottom of the 1st over - 0 runs, 0 hits, 0 errors, 2 left on base; Philadelphia 3 - Cincinnati 0 |
TOP OF THE 2ND |
Philadelphia Phillies batting - Pitching for Cincinnati Reds : RHP Gary Nolan
|
Batting: RHB Mike Diaz
|
0-0: Ball 1-0: Ball 2-0: Called Strike 2-1: Fly out, F5 (Popup, 5SF, EV 70.0 MPH)
|
Batting: RHB Al Dopfel
|
0-0: Called Strike 0-1: Fly out, F7 (Flyball, 7LM, EV 81.9 MPH)
|
Batting: RHB Andy Ramirez
|
0-0: Called Strike 0-1: Ball 1-1: Ball 2-1: SINGLE (Line Drive, 3D, EV 106.9 MPH)
|
Batting: LHB Lou Whitaker
|
0-0: Ball Andy Ramirez is caught stealing 2nd base 2-6
|
Top of the 2nd over - 0 runs, 1 hit, 0 errors, 0 left on base; Philadelphia 3 - Cincinnati 0 |
BOTTOM OF THE 2ND |
Cincinnati Reds batting - Pitching for Philadelphia Phillies : RHP Al Dopfel
|
Batting: RHB Jim Anderson
|
0-0: Ball 1-0: Ball 2-0: Ball 3-0: Base on Balls
|
Batting: RHB John Malkin
|
0-0: Ball 1-0: Ball 2-0: Called Strike 2-1: Called Strike 2-2: Ball 3-2: Base on Balls Jim Anderson to second
|
Batting: RHB Jesus Alfaro
|
0-0: Grounds into double play, 5-4-3 (Groundball, 56, EV 91.9 MPH) Jim Anderson to third
|
Batting: RHB Gary Nolan
|
0-0: Called Strike 0-1: Foul Ball, location: 2F 0-2: Fly out, F4 (Flyball, 34D, EV 83.8 MPH)
|
Bottom of the 2nd over - 0 runs, 0 hits, 0 errors, 1 left on base; Philadelphia 3 - Cincinnati 0 |
TOP OF THE 3RD |
Philadelphia Phillies batting - Pitching for Cincinnati Reds : RHP Gary Nolan
|
Batting: LHB Lou Whitaker
|
0-0: Ball 1-0: Ball 2-0: Called Strike 2-1: Fly out, F8 (Flyball, 89D, EV 90.0 MPH)
|
Batting: RHB Paul Molitor
|
0-0: Foul Ball, location: 2F 0-1: SINGLE (Groundball, 56S, EV 68.1 MPH) (infield hit)
|
Batting: LHB Ken Phelps
|
0-0: Called Strike 0-1: Ball 1-1: Foul Ball, location: 2F 1-2: Foul Ball, location: 2F 1-2: Foul Ball, location: 2F 1-2: Foul Ball, location: 2F 1-2: Foul Ball, location: 2F 1-2: Ball 2-2: SINGLE (Line Drive, 6D, EV 94.4 MPH) Paul Molitor to second Runner from 2nd tries for 3rd, SAFE, throw by LF made to third
|
Batting: RHB Candy Maldonado
|
0-0: Grounds into double play, 5-4-3 (Groundball, 5, EV 81.3 MPH)
|
Top of the 3rd over - 0 runs, 2 hits, 0 errors, 1 left on base; Philadelphia 3 - Cincinnati 0 |
BOTTOM OF THE 3RD |
Cincinnati Reds batting - Pitching for Philadelphia Phillies : RHP Al Dopfel
|
Batting: RHB Gary Matthews
|
0-0: Ball 1-0: Ball 2-0: Called Strike 2-1: Called Strike 2-2: Strikes out swinging
|
Batting: RHB Bill Melton
|
0-0: Called Strike 0-1: Foul Ball, location: 2F 0-2: Ball 1-2: Foul Ball, location: 2F 1-2: Ball 2-2: Foul Ball, location: 2F 2-2: Foul Ball, location: 2F 2-2: Foul Ball, location: 2F 2-2: SINGLE (Groundball, 6MD, EV 100.0 MPH)
|
Batting: LHB Mike Easler
|
0-0: Ball 1-0: Ball 2-0: Swinging Strike 2-1: Fly out, F8 (Flyball, 89XD, EV 100.6 MPH)
|
Batting: LHB Darrell Evans
|
0-0: Called Strike 0-1: Ball 1-1: Ball 2-1: Ball 3-1: Base on Balls Bill Melton to second
|
Batting: LHB Joseph Talley
|
0-0: Called Strike 0-1: Foul Ball, location: 2F 0-2: Strikes out looking
|
Bottom of the 3rd over - 0 runs, 1 hit, 0 errors, 2 left on base; Philadelphia 3 - Cincinnati 0 |
TOP OF THE 4TH |
Philadelphia Phillies batting - Pitching for Cincinnati Reds : RHP Gary Nolan
|
Batting: LHB Cecil Cooper
|
0-0: Fly out, F8 (Flyball, 78XD, EV 92.5 MPH)
|
Batting: RHB Andre Dawson
|
0-0: SINGLE (Groundball, 56D, EV 103.8 MPH)
|
Batting: RHB Mike Diaz
|
0-0: Ball 1-0: Ball 2-0: Called Strike 2-1: Foul Ball, location: 2F 2-2: Ball 3-2: Fly out, F9 (Flyball, 9D, EV 86.9 MPH) Runner from 1st tags up, SAFE at 2nd
|
Batting: RHB Al Dopfel
|
0-0: Ball Balk! Andre Dawson to third 1-0: Called Strike 1-1: Ball 2-1: Foul Ball, location: 2F 2-2: Ball 3-2: Strikes out looking
|
Top of the 4th over - 0 runs, 1 hit, 0 errors, 1 left on base; Philadelphia 3 - Cincinnati 0 |
BOTTOM OF THE 4TH |
Cincinnati Reds batting - Pitching for Philadelphia Phillies : RHP Al Dopfel
|
Batting: RHB Jim Anderson
|
0-0: Ball 1-0: Called Strike 1-1: SINGLE (Flyball, 6MD, EV 88.1 MPH)
|
Batting: RHB John Malkin
|
0-0: Ball 1-0: Called Strike 1-1: Called Strike Jim Anderson steals 2nd base 1-2: Ball 2-2: 2-RUN HOME RUN (Flyball, 78XD, EV 102.5 MPH), Distance : 402 ft
|
Batting: RHB Jesus Alfaro
|
0-0: Called Strike 0-1: Ball 1-1: Foul Ball, location: 2F 1-2: Foul Ball, location: 2F 1-2: Ball 2-2: DOUBLE (Flyball, 8RXD, EV 93.8 MPH)
|
Batting: RHB Gary Nolan
|
0-0: Bunted foul 0-1: Sac Bunt to 15 - play at first, batter OUT! 1-4 Jesus Alfaro to third
|
Batting: RHB Gary Matthews
|
0-0: Ball 1-0: Called Strike 1-1: Swinging Strike 1-2: Strikes out swinging
|
Batting: RHB Bill Melton
|
0-0: Foul Ball, location: 2F 0-1: Ball 1-1: Foul Ball, location: 2F 1-2: Foul Ball, location: 2F 1-2: Fly out, F9 (Flyball, 89D, EV 89.4 MPH)
|
Bottom of the 4th over - 2 runs, 3 hits, 0 errors, 1 left on base; Philadelphia 3 - Cincinnati 2 |
TOP OF THE 5TH |
Philadelphia Phillies batting - Pitching for Cincinnati Reds : RHP Gary Nolan
|
Batting: RHB Andy Ramirez
|
0-0: Called Strike 0-1: Ball 1-1: Fly out, F8 (Flyball, 8LM, EV 88.1 MPH)
|
Batting: LHB Lou Whitaker
|
0-0: Foul Ball, location: 2F 0-1: Ground out 4-3 (Groundball, 4, EV 99.4 MPH)
|
Batting: RHB Paul Molitor
|
0-0: Ball 1-0: SINGLE (Flyball, 6MD, EV 85.0 MPH)
|
Batting: LHB Ken Phelps
|
0-0: Called Strike 0-1: Ball 1-1: Ball 2-1: Ball 3-1: Swinging Strike 3-2: Foul Ball, location: 2F 3-2: Ground out 4-3 (Groundball, 4, EV 100.0 MPH)
|
Top of the 5th over - 0 runs, 1 hit, 0 errors, 1 left on base; Philadelphia 3 - Cincinnati 2 |
BOTTOM OF THE 5TH |
Cincinnati Reds batting - Pitching for Philadelphia Phillies : RHP Al Dopfel
|
Batting: LHB Mike Easler
|
0-0: Called Strike 0-1: Ball 1-1: Foul Ball, location: 2F 1-2: Foul Ball, location: 2F 1-2: Strikes out looking
|
Batting: LHB Darrell Evans
|
0-0: Swinging Strike 0-1: Ball 1-1: Ball 2-1: Foul Ball, location: 2F 2-2: Fly out, F9 (Flyball, 9, EV 85.6 MPH)
|
Batting: LHB Joseph Talley
|
0-0: Ball 1-0: Swinging Strike 1-1: Called Strike 1-2: Strikes out looking
|
Bottom of the 5th over - 0 runs, 0 hits, 0 errors, 0 left on base; Philadelphia 3 - Cincinnati 2 |
TOP OF THE 6TH |
Philadelphia Phillies batting - Pitching for Cincinnati Reds : RHP Gary Nolan
|
Batting: RHB Candy Maldonado
|
0-0: Ball 1-0: Called Strike 1-1: Ground out 2-3 (Groundball, 13S, EV 65.0 MPH)
|
Batting: LHB Cecil Cooper
|
0-0: Called Strike 0-1: Foul Ball, location: 2F 0-2: Ball 1-2: Strikes out swinging
|
Batting: RHB Andre Dawson
|
0-0: Ball 1-0: Ball 2-0: Foul Ball, location: 2F 2-1: Swinging Strike 2-2: Fly out, F7 (Flyball, 7D, EV 90.6 MPH)
|
Top of the 6th over - 0 runs, 0 hits, 0 errors, 0 left on base; Philadelphia 3 - Cincinnati 2 |
BOTTOM OF THE 6TH |
Cincinnati Reds batting - Pitching for Philadelphia Phillies : RHP Al Dopfel
|
Batting: RHB Jim Anderson
|
0-0: Called Strike 0-1: Ball 1-1: Ball 2-1: Ball 3-1: Called Strike 3-2: Strikes out swinging
|
Batting: RHB John Malkin
|
0-0: Foul Ball, location: 2F 0-1: Ball 1-1: SOLO HOME RUN (Flyball, 78XD, EV 91.3 MPH), Distance : 394 ft
|
Batting: RHB Jesus Alfaro
|
0-0: Called Strike 0-1: Ball 1-1: Ground out 5-3 (Groundball, 56, EV 83.1 MPH)
|
Batting: RHB Gary Nolan
|
0-0: Ground out 2-3 (Groundball, 15S, EV 75.0 MPH)
|
Bottom of the 6th over - 1 run, 1 hit, 0 errors, 0 left on base; Philadelphia 3 - Cincinnati 3 |
TOP OF THE 7TH |
Philadelphia Phillies batting - Pitching for Cincinnati Reds : RHP Gary Nolan
|
Batting: RHB Mike Diaz
|
0-0: Foul Ball, location: 2F 0-1: Ball 1-1: Foul Ball, location: 2F 1-2: Ball 2-2: Ball 3-2: Foul Ball, location: 2F 3-2: Strikes out looking
|
Pinch Hitting: LHB Andy Guerrero
|
0-0: Called Strike 0-1: Ball 1-1: Ball 2-1: Ground out 3-1 (Groundball, 23, EV 90.0 MPH)
|
Batting: RHB Andy Ramirez
|
0-0: Ground out 4-3 (Groundball, 4, EV 86.3 MPH)
|
Top of the 7th over - 0 runs, 0 hits, 0 errors, 0 left on base; Philadelphia 3 - Cincinnati 3 |
BOTTOM OF THE 7TH |
Cincinnati Reds batting - Pitching for Philadelphia Phillies : RHP Al Dopfel
|
Pitching: RHP Tom Hume
|
|
Batting: RHB Gary Matthews
|
0-0: Ball 1-0: Ball 2-0: SINGLE (Groundball, 3D, EV 104.4 MPH)
|
Batting: RHB Bill Melton
|
0-0: 2-RUN HOME RUN (Flyball, 7D, EV 108.1 MPH), Distance : 374 ft
|
Batting: LHB Mike Easler
|
0-0: Ball 1-0: Called Strike 1-1: Foul Ball, location: 2F 1-2: Ball 2-2: Ground out 5-3 (Groundball, 5S, EV 85.6 MPH)
|
Batting: LHB Darrell Evans
|
0-0: Ball 1-0: Ball 2-0: Foul Ball, location: 2F 2-1: DOUBLE (Flyball, 78D, EV 100.0 MPH)
|
Batting: LHB Joseph Talley
|
0-0: Intentional Walk
|
Batting: RHB Jim Anderson
|
0-0: Ball 1-0: Foul Ball, location: 2F 1-1: SINGLE (Groundball, 5D, EV 95.0 MPH) Darrell Evans to third Joseph Talley to second Runner from 3rd tries for Home, SAFE, throw by LF to home
|
Batting: RHB John Malkin
|
0-0: Called Strike 0-1: Ball 1-1: Ball 2-1: Foul Ball, location: 2F 2-2: Foul Ball, location: 2F 2-2: Ball 3-2: Foul Ball, location: 2F 3-2: Base on Balls Joseph Talley to third Jim Anderson to second
|
Batting: RHB Jesus Alfaro
|
0-0: Ball 1-0: Swinging Strike 1-1: Ball 2-1: Fly out, F3 (Popup, 3SF, EV 70.0 MPH)
|
Batting: RHB Gary Nolan
|
0-0: Ball 1-0: Called Strike 1-1: Called Strike 1-2: Ball 2-2: Ball 3-2: Ground out 5-3 (Groundball, 56S, EV 78.8 MPH)
|
Bottom of the 7th over - 3 runs, 4 hits, 0 errors, 3 left on base; Philadelphia 3 - Cincinnati 6 |
TOP OF THE 8TH |
Philadelphia Phillies batting - Pitching for Cincinnati Reds : RHP Gary Nolan
|
Batting: LHB Lou Whitaker
|
0-0: Called Strike 0-1: Called Strike 0-2: Ball 1-2: Foul Ball, location: 2F 1-2: Ball 2-2: Ball 3-2: Base on Balls
|
Batting: RHB Paul Molitor
|
0-0: Ball 1-0: Ball 2-0: Swinging Strike 2-1: DOUBLE (Line Drive, 78D, EV 104.4 MPH) Lou Whitaker to third
|
Batting: LHB Ken Phelps
|
0-0: Fly out, F8 (Line Drive, 8LD, EV 89.4 MPH) Runner from 3rd tags up, SCORES, throw by CF
|
Batting: RHB Candy Maldonado
|
0-0: Ball 1-0: Called Strike 1-1: Ball 2-1: Foul Ball, location: 2F 2-2: SINGLE (Line Drive, 78M, EV 105.6 MPH) Paul Molitor to third Runner from 3rd tries for Home, SAFE, throw by CF to home
|
Pitching: RHP Jay Dillard
|
|
Batting: LHB Cecil Cooper
|
0-0: Ball 1-0: Foul Ball, location: 2F 1-1: 2-RUN HOME RUN (Flyball, 78XD, EV 96.9 MPH), Distance : 394 ft
|
Batting: RHB Andre Dawson
|
0-0: Called Strike 0-1: Ball 1-1: Fly out, F9 (Flyball, 89D, EV 94.4 MPH)
|
Batting: RHB Mike Diaz
|
0-0: Called Strike 0-1: Foul Ball, location: 2F 0-2: Strikes out swinging
|
Top of the 8th over - 4 runs, 3 hits, 0 errors, 0 left on base; Philadelphia 7 - Cincinnati 6 |
BOTTOM OF THE 8TH |
Cincinnati Reds batting - Pitching for Philadelphia Phillies : RHP Tom Hume
|
Batting: RHB Gary Matthews
|
0-0: Ball 1-0: Ball 2-0: Ball 3-0: Called Strike 3-1: Called Strike 3-2: Foul Ball, location: 2F 3-2: SINGLE (Flyball, 4D, EV 94.4 MPH)
|
Batting: RHB Bill Melton
|
0-0: Foul Ball, location: 2F 0-1: Swinging Strike 0-2: Ball 1-2: Fly out, F8 (Flyball, 8LS, EV 78.8 MPH)
|
Pitching: RHP Jim Kern
|
|
Batting: LHB Mike Easler
|
0-0: Ball 1-0: Called Strike 1-1: Fly out, F5 (Popup, 56S, EV 66.9 MPH)
|
Batting: LHB Darrell Evans
|
0-0: Ball 1-0: Ball 2-0: Called Strike 2-1: Ball 3-1: Base on Balls Gary Matthews to second
|
Batting: LHB Joseph Talley
|
0-0: Ball 1-0: Ball 2-0: Ball 3-0: Called Strike 3-1: Base on Balls Gary Matthews to third Darrell Evans to second
|
Batting: RHB Jim Anderson
|
0-0: Ball 1-0: Called Strike 1-1: Ball 2-1: Fielders Choice at 2nd, 6-4 (Groundball, 6, EV 88.1 MPH)
|
Bottom of the 8th over - 0 runs, 1 hit, 0 errors, 3 left on base; Philadelphia 7 - Cincinnati 6 |
TOP OF THE 9TH |
Philadelphia Phillies batting - Pitching for Cincinnati Reds : RHP Jay Dillard
|
Pinch Hitting: RHB Jody Davis
|
0-0: Foul Ball, location: 2F 0-1: Foul Ball, location: 2F 0-2: Ball 1-2: Ball 2-2: Strikes out swinging
|
Batting: RHB Andy Ramirez
|
0-0: Called Strike 0-1: SINGLE (Line Drive, 7LM, EV 92.5 MPH)
|
Batting: LHB Lou Whitaker
|
0-0: Ball 1-0: Foul Ball, location: 2F 1-1: Ball 2-1: Foul Ball, location: 2F 2-2: Grounds into double play, 6-4-3 (Groundball, 6, EV 86.3 MPH)
|
Top of the 9th over - 0 runs, 1 hit, 0 errors, 0 left on base; Philadelphia 7 - Cincinnati 6 |
BOTTOM OF THE 9TH |
Cincinnati Reds batting - Pitching for Philadelphia Phillies : RHP Jim Kern
|
Pitching: LHP Lawrence Burgess
|
|
Now at 1B: Ivan de Jesus
|
|
Batting: RHB John Malkin
|
0-0: Ball 1-0: Ball 2-0: Ball 3-0: Called Strike 3-1: Base on Balls
|
Pinch Hitting: RHB Johnny Bench
|
0-0: Ball 1-0: Bunt - Flyout to 3S! F3
|
Pinch Hitting: RHB Marco Mosquera
|
0-0: Ball 1-0: Ball 2-0: Foul Ball, location: 2F 2-1: Foul Ball, location: 2F 2-2: Ball 3-2: Foul Ball, location: 2F 3-2: Foul Ball, location: 2F 3-2: Base on Balls John Malkin to second
|
Batting: RHB Gary Matthews
|
0-0: Ball 1-0: Fly out, F7 (Flyball, 7LM, EV 80.6 MPH)
|
Batting: RHB Bill Melton
|
0-0: Ball 1-0: Fly out, F4 (Popup, 4, EV 78.1 MPH)
|
Bottom of the 9th over - 0 runs, 0 hits, 0 errors, 2 left on base; Philadelphia 7 - Cincinnati 6 |
|